 Dungeon Crawl Stone Soup version 0.21-a0-153-g78480df (webtiles) character file.

178 stigmas the Insei (level 5, -1/38 HPs)
             Began as a Human Transmuter on Aug 1, 2017.
             Slain by an orc
             ... wielding a +0 flail
              (4 damage)
             ... on level 4 of the Dungeon.
             The game lasted 00:09:33 (4016 turns).

stigmas the Insei (Human Transmuter)                Turns: 4016, Time: 00:09:33

Health: -1/38      AC:  2    Str: 10    XL:     5   Next: 89%
Magic:  2/8        EV: 21    Int: 14    God:
Gold:   83         SH:  0    Dex: 19    Spells: 4/8 levels left

rFire    . . .     SeeInvis .     - Unarmed
rCold    . . .     Gourm    .   (shield currently unavailable)
rNeg     . . .     Faith    .   (armour currently unavailable)
rPois    x         Spirit   .   (helmet currently unavailable)
rElec    .         Reflect  .   (cloak currently unavailable)
rCorr    .         Harm     .   (gloves currently unavailable)
MR       .....                  (boots currently unavailable)
Stlth    ++........             (no amulet)
HPRegen  0.12/turn              (no ring)
MPRegen  0.11/turn              (no ring)

@: spider-form, very slightly contaminated
A: no striking features
a: End Transformation


You were on level 4 of the Dungeon.
You were hungry.
You were a venomous arachnid creature.
You visited 1 branch of the dungeon, and saw 4 of its levels.

You collected 83 gold pieces.

Inventory:

Missiles
 a - 26 arrows
Armour
 b - a +0 robe (melded)
Scrolls
 f - a scroll of fog {unknown}
 g - 3 scrolls of teleportation {unknown}
 j - a scroll of remove curse {unknown}
 l - a scroll of amnesia {unknown}
 m - a scroll of blinking {unknown}
 n - a scroll of magic mapping {unknown}
 o - 2 scrolls of identify {unknown}
 q - 2 scrolls of random uselessness {unknown}
Potions
 e - a potion of mutation {unknown}
 i - a potion of brilliance {unknown}
 r - a potion of flight {unknown}
Books
 c - a book of Changes

   Spells                             Type                      Level
   a - Beastly Appendage              Transmutation                1
   b - Sticks to Snakes               Transmutation                2
   c - Spider Form                    Transmutation/Poison         3
   d - Ice Form                       Ice/Transmutation            4
   e - Blade Hands                    Transmutation                5
Comestibles
 d - 2 bread rations
 k - 2 meat rations


   Skills:
 + Level 1.9 Fighting
 + Level 3.1 Dodging
 + Level 4.7 Unarmed Combat
 * Level 2.2 Spellcasting
 * Level 2.3 Transmutations
 * Level 1.1 Poison Magic


You had 4 spell levels left.
You knew the following spells:

 Your Spells              Type           Power        Failure   Level  Hunger
a - Beastly Appendage     Tmut           #.....       22%         1    #......
b - Spider Form           Tmut/Pois      #.........   56%         3    ###....


Dungeon Overview and Level Annotations

Branches:
Dungeon (4/15)
 Temple: D:4-7

Altars:
Nemelex Xobeh
Zin

Annotations:
D:3 dolemite99's ghost, amateur HuIE


Message History

The orc is severely wounded.
The orc hits you with a flail.
Casting: Spider Form
Confirm with . or Enter, or press ? or * to list all spells.
You miscast Spider Form.
You are very lightly contaminated with residual magic.
Wisps of poison gas drift from your hands.
The orc hits you with a flail!
Unknown command.
Casting: Spider Form
Confirm with . or Enter, or press ? or * to list all spells.
You turn into a venomous arachnid creature.
Your +0 robe melds into your body.
The orc hits you with a flail.
The orc priest mumbles some strange prayers to Beogh against you.
Beogh smites you!
* * * LOW HITPOINT WARNING * * *
You barely miss the orc.
The orc is severely wounded.
The orc hits you with a flail.
You die...

####. ### ## #.... ..#
.# #.##. #.# ..# ####
#.##.##.# ..### ...#
#.##..#.# ...... <..#
#.###.#.#####...###
...###..................
......#.......†.soo.....
...##.#.##.##?#######.##
...##.#....##.#
#####......##.#
#......##)# ......###[#
#......# #%# #......#
... .......##..#(


You could see an orc priest and an orc.

Vanquished Creatures
  A hound (D:4)
  A centaur skeleton (D:3)
  An orc wizard (D:3)
  An adder (D:2)
  2 worms
  3 dart slugs
  3 leopard geckos (D:2)
  7 orcs
  13 bats
  10 goblins
  3 hobgoblins
  2 jackals (D:1)
  6 kobolds
  2 quokkas
  3 ball pythons
  3 frilled lizards
  9 rats
70 creatures vanquished.

Notes
Turn   | Place    | Note
-------+----------+-------------------------------------------
     0 | D:1      | stigmas the Human Transmuter began the quest for the Orb.
     0 | D:1      | Reached XP level 1. HP: 15/15 MP: 3/3
   304 | D:1      | Reached XP level 2. HP: 19/21 MP: 5/5
   664 | D:1      | Reached XP level 3. HP: 19/26 MP: 6/6
   703 | D:1      | Learned a level 3 spell: Spider Form
  1460 | D:2      | Found a sparkling altar of Nemelex Xobeh.
  1754 | D:2      | Reached XP level 4. HP: 31/32 MP: 7/7
  2606 | D:3      | Reached skill level 4 in Unarmed Combat
  2841 | D:3      | Reached XP level 5. HP: 36/37 MP: 8/8
  2925 | D:3      | Found a glowing silver altar of Zin.
  3299 | D:3      | HP: 1/37 [orc wizard/magic dart (8)]
  3373 | D:3      | Noticed dolemite99's ghost (amateur HuIE)
  3704 | D:4      | Reached skill level 1 in Poison Magic
  3751 | D:4      | Noticed an orc warrior
  4016 | D:4      | Slain by an orc

Vault maps used:
D:1:      dpeg_arrival_boxes_within_box, minmay_tripent
D:2:      old_standard_altar, minmay_tetromino_o4
D:3:      lemuel_upstairs_altar, lemuel_round_altar,
          nicolae_overflow_hidden_temple, first_bread
D:4:      cheibrodos_quashed, guppyfry_early_orc_mine

Skill      XL: |  1  2  3  4  5 |
---------------+----------------+-----
Unarmed Combat | 4 |  4.7
Dodging        | 3 |  3.1
Poison Magic   | 1 |  1.1
Fighting       | |  1.9
Spellcasting   | |  2.2
Transmutations | |  2.3

Action                   |  1- 3 |  4- 6 || total
-------------------------+-------+-------++-------
Melee: Unarmed           |    93 |   170 ||   263
       Punch             |     1 |     5 ||     6
 Cast: Spider Form       |       |     4 ||     4
  Use: Potion            |       |     2 ||     2
 Stab: Sleeping          |     1 |     1 ||     2
       Distracted        |     1 |       ||     1
  Eat: Chunk             |     2 |     8 ||    10
Armor: Robe              |    30 |    21 ||    51
Dodge: Dodged            |    83 |   146 ||   229
